 Dungeon Crawl Stone Soup version 0.22-a0-614-g34fbaa0 (webtiles) character file.

863 zishaf the Thaumaturge (level 7, -2/36 HPs)
             Began as a Deep Elf Fire Elementalist on July 19, 2018.
             Was a Believer of Cheibriados.
             Slain by frimble's ghost (4 damage)
             ... on level 4 of the Dungeon.
             The game lasted 00:32:01 (5050 turns).

zishaf the Thaumaturge (Deep Elf Fire Elementalist) Turns: 5050, Time: 00:32:02

Health: -2/36      AC:  6    Str: 10    XL:     7   Next: 72%
Magic:  2/20       EV: 14    Int: 25    God:    Cheibriados [**....]
Gold:   230        SH:  0    Dex: 19    Spells: 10/22 levels left

rFire    + . .     SeeInvis .   A - staff of fire
rCold    . . .     Gourm    .   (no shield)
rNeg     . . .     Faith    .   a - +0 robe
rPois    .         Spirit   .   d - +0 helmet
rElec    .         Reflect  .   (no cloak)
rCorr    .         Harm     .   s - +2 pair of gloves
MR       .....                  (no boots)
Stlth    ++........             t - amulet of regeneration
HPRegen  0.52/turn              (no ring)
MPRegen  0.17/turn              (no ring)

@: very slightly contaminated, very slow
A: no striking features
a: Bend Time, Renounce Religion


You were on level 4 of the Dungeon.
You worshipped Cheibriados.
Cheibriados was pleased with you.
You were hungry.

You visited 1 branch of the dungeon, and saw 4 of its levels.

You collected 230 gold pieces.

Inventory:

Hand Weapons
 e - a +3 short sword of electrocution
 w - the +5 dagger of Moral Flaws {freeze, MR- MP+9 Str+10}
   (You found it on level 4 of the Dungeon)

   It has been specially enchanted to freeze those struck by it, causing extra
   injury to most foes and up to half again as much damage against particularly
   susceptible opponents.
   It can also slow down cold-blooded creatures.
   It affects your strength (+10).
   It affects your resistance to hostile enchantments.
   It affects your magic capacity (+9).
Missiles
 f - 4 tomahawks (quivered)
 o - 3 curare-tipped needles
Armour
 a - a +0 robe (worn)
 d - a +0 helmet (worn)
 s - a +2 pair of gloves (worn)
Magical Staves
 A - an uncursed staff of fire (weapon)
Jewellery
 t - an amulet of regeneration (around neck)
Wands
 p - a wand of polymorph (4)
 u - a wand of flame (33)
Scrolls
 h - 3 scrolls of enchant armour {unknown}
 k - 9 scrolls of identify {unknown}
 n - a scroll of noise {unknown}
 q - 2 scrolls of teleportation {unknown}
 r - a scroll of random uselessness {unknown}
 x - a scroll of remove curse
 y - 2 scrolls of magic mapping {unknown}
Potions
 b - a potion of ambrosia {unknown}
 g - a potion of degeneration {unknown}
 i - a potion of might {unknown}
 j - a potion of mutation {unknown}
 l - 2 potions of curing {unknown}
 m - 3 potions of heal wounds {unknown}
 z - a potion of agility {unknown}
Comestibles
 c - 7 rations
 v - a chunk of flesh


   Skills:
 - Level 3.0 Dodging
 - Level 2.4 Stealth
 - Level 8.0 Spellcasting
 + Level 4.7 Conjurations
 + Level 5.7 Fire Magic
 * Level 2.2 Invocations


You had 10 spell levels left.
You knew the following spells:

 Your Spells              Type           Power        Failure   Level  Hunger
a - Flame Tongue          Conj/Fire      #####        1%          1    None
b - Throw Flame           Conj/Fire      ######       1%          2    None
c - Fireball              Conj/Fire      ######....   21%         5    ####...
d - Sticky Flame          Conj/Fire      ######..     7%          4    ##.....

Your spell library contained the following spells:

 Spells                   Type           Power        Failure   Level  Hunger
 Conjure Flame            Conj/Fire      ######..     2%          3    None
 Inner Flame              Hex/Fire       #####...     5%          3    None


Dungeon Overview and Level Annotations

Branches:
Dungeon (4/15)             Temple (0/1) D:4

Altars:
Ashenzari
Cheibriados
Hepliaklqana
Okawaru
Uskayaw
Wu Jian
Yredelemnul
Zin
Beogh

Shops:
D:4 %

Annotations:
D:4 exclusion: oklob sapling, frimble's ghost, amateur DsFi


Message History

Aim: frimble's ghost (moderately damaged)
You feel a surge of power!
The flame tongue hits frimble's ghost.
Frimble's ghost is heavily damaged.
The orc barely misses you. The orc hits you with a dagger.
* * * LOW HITPOINT WARNING * * *
Frimble's ghost says, "I was like you once."
Frimble's ghost closely misses you.
You closely miss frimble's ghost.
Frimble's ghost is heavily damaged.
The orc closely misses you. Frimble's ghost barely misses you.
The orc hits you but does no damage.
Casting: Flame Tongue (safe; 1% risk of failure)
Confirm with . or Enter, or press ? or * to list all spells.
Aiming: Flame Tongue (safe; 1% risk of failure)
Press: ? - help, Shift-Dir - straight line, f/p - frimble's ghost
Aim: frimble's ghost (heavily damaged)
You feel a surge of power!
The flame tongue hits frimble's ghost.
Frimble's ghost is heavily damaged.
The orc closely misses you. Frimble's ghost hits you.
You die...

#........#.#.#.
#####........#.#...
#........)...#.#.##
#.###..............
#.8########........
#..#.....8#.....###
#..#..##..#...<.# #
#..#..#8..#.....# #
#o@#..##..#.....#
#oW#o#$...##....#
#.o'.#...[#.....#
#..'.#.8._#).<..#
##.'.#...[#.....#
#.#.#....#.....#
#.#..##..#.....#
#.#..#8..#######
#.#..##..


You could see frimble's ghost and 4 orcs.

Vanquished Creatures
  Grinder (D:4)
  A phantom (D:4)
  A hound (D:4)
  3 orc priests
  6 orc wizards
  A bullfrog skeleton (D:4)
  A centaur skeleton (D:4)
  Ijyb (D:3)
  Natasha (thrice) (D:3)
  An adder (D:2)
  A shadow imp (D:2)
  4 worms
  A dart slug (D:1)
  2 leopard geckos
  22 orcs
  3 ball pythons
  4 giant cockroaches
  7 hobgoblins
  7 jackals
  A quokka (D:4)
  6 bats
  4 frilled lizards
  5 goblins
  5 kobolds
  15 rats
  A plant (D:4)
107 creatures vanquished.

Notes
Turn   | Place    | Note
-------+----------+-------------------------------------------
     0 | D:1      | zishaf the Deep Elf Fire Elementalist began the quest for the Orb.
     0 | D:1      | Reached XP level 1. HP: 10/10 MP: 6/6
   143 | D:1      | Found a shattered altar of Ashenzari.
   236 | D:1      | Reached XP level 2. HP: 9/15 MP: 4/8
   507 | D:1      | Learned a level 2 spell: Throw Flame
   752 | D:1      | Became a worshipper of Ashenzari the Shackled
   858 | D:1      | Reached XP level 3. HP: 19/19 MP: 7/10
  1040 | D:2      | Reached skill level 4 in Spellcasting
  1786 | D:3      | Reached XP level 4. HP: 24/24 MP: 8/12
  1906 | D:3      | Found a snail-covered altar of Cheibriados.
  1909 | D:3      | Found a glowing silver altar of Zin.
  1909 | D:3      | Found a shattered altar of Ashenzari.
  1910 | D:3      | Found a basalt altar of Yredelemnul.
  1910 | D:3      | Found an ornate altar of the Wu Jian Council.
  1912 | D:3      | Found a hazy altar of Hepliaklqana.
  1912 | D:3      | Found a hide-covered altar of Uskayaw.
  1913 | D:3      | Found an iron altar of Okawaru.
  1936 | D:3      | Reached skill level 5 in Spellcasting
  2178 | D:3      | Reached XP level 5. HP: 15/28 MP: 10/14
  2399 | D:3      | Noticed Ijyb
  2405 | D:3      | Killed Ijyb
  2466 | D:3      | Fell from the grace of Ashenzari
  2466 | D:3      | Became a worshipper of Cheibriados the Contemplative
  2608 | D:3      | Noticed Natasha
  2614 | D:3      | Killed Natasha
  2720 | D:3      | Reached skill level 6 in Spellcasting
  2813 | D:3      | Learned a level 5 spell: Fireball
  2818 | D:3      | Learned a level 4 spell: Sticky Flame
  3135 | D:3      | Reached * piety under Cheibriados
  3144 | D:3      | Reached XP level 6. HP: 31/32 MP: 2/17
  3598 | D:3      | Noticed Natasha
  3603 | D:3      | Killed Natasha
  3799 | D:3      | Noticed Natasha
  3802 | D:3      | Killed Natasha
  3852 | D:4      | Got a jewelled dagger
  3864 | D:4      | Identified the +5 dagger of Moral Flaws {freeze, MR- MP+9 Str+10} (You found it on level 4 of the Dungeon)
  3919 | D:4      | Found a runed gate.
  3920 | D:4      | Found a runed gate.
  3921 | D:4      | Found a runed gate.
  3923 | D:4      | Noticed frimble's ghost (amateur DsFi)
  3925 | D:4      | Found a roughly hewn altar of Beogh.
  3975 | D:4      | Found a staircase to the Ecumenical Temple.
  4318 | D:4      | Noticed Grinder
  4333 | D:4      | Killed Grinder
  4333 | D:4      | Was forgiven by Ashenzari
  4333 | D:4      | Reached skill level 7 in Spellcasting
  4333 | D:4      | Reached skill level 5 in Fire Magic
  4333 | D:4      | Reached XP level 7. HP: 28/36 MP: 7/20
  4556 | D:4      | Reached skill level 8 in Spellcasting
  4556 | D:4      | Reached skill level 1 in Invocations
  4718 | D:4      | Found Serch's Food Shop.
  4721 | D:4      | Reached ** piety under Cheibriados
  5048 | D:4      | HP: 1/36 [orc/dagger (2)]
  5050 | D:4      | Slain by frimble's ghost

Vault maps used:
D:1:      sevenhm_arrival_forest_fort_small_4, nicolae_ashenzari_panopticon
D:3:      grunt_temple_overflow_open, uniq_natasha, uniq_ijyb
D:4:      minmay_temple_entry_oklob, serial_shops, shop,
          biasface_ghost_orc_armoury, uniq_grinder

Skill      XL: |  1  2  3  4  5  6  7 |
---------------+----------------------+-----
Dodging        | 3 |  3.0
Spellcasting   | 4 5 6 7 8 |  8.0
Conjurations   | 2 3 4 |  4.7
Fire Magic     | 4 5 |  5.7
Invocations    | 2 |  2.2
Stealth        | |  2.4

Action                   |  1- 3 |  4- 6 |  7- 9 || total
-------------------------+-------+-------+-------++-------
Melee: Short sword       |    16 |    13 |       ||    29
       Dagger            |       |    39 |       ||    39
       Staff             |       |       |     3 ||     3
 Cast: Flame Tongue      |    42 |   105 |    33 ||   180
       Throw Flame       |    20 |    43 |     5 ||    68
       Fireball          |       |       |     1 ||     1
Invok: Bend Time         |       |       |     1 ||     1
  Eat: Chunk             |     3 |     7 |     1 ||    11
Armor: Robe              |    10 |    12 |     5 ||    27
Dodge: Dodged            |    21 |    38 |    12 ||    71

Table legend:
 A = Spawn XP
 B = Non-spawn XP
 C = Spawn XP percentage of total XP
 D = Spawn monster count
 E = Non-spawn monster count
 F = Spawn count percentage of total count
 G = Total turns spent on level
                    A         B        C        D         E        F      G
               +---------+---------+-------+---------+---------+-------+---------
         Total |       0 |    1233 |   0.0 |       0 |     106 |   0.0 |  5050
               +---------+---------+-------+---------+---------+-------+---------
           D:1 |       0 |      41 |   0.0 |       0 |      26 |   0.0 |   907
           D:2 |       0 |      51 |   0.0 |       0 |      16 |   0.0 |  1442
           D:3 |       0 |     401 |   0.0 |       0 |      41 |   0.0 |  1499
           D:4 |       0 |     740 |   0.0 |       0 |      23 |   0.0 |  1202
               +---------+---------+-------+---------+---------+-------+---------
